 Dungeon Crawl Stone Soup version 0.31-a0-1-g4198be8af4 (webtiles) character file.

Game seed: 16268148002445074279

83920 DavidChitty2 the Severer (level 15, -11/139 HPs)
             Began as a Minotaur Fighter on May 2, 2023.
             Was the Champion of Okawaru.
             Killed by divine providence
             ... invoked by a meliai
              (13 damage)
             ... on level 14 of the Dungeon.
             The game lasted 00:30:19 (23724 turns).

DavidChitty2 the Severer (Minotaur Fighter)        Turns: 23724, Time: 00:30:20

Health: -11/139    AC: 27    Str: 36    XL:     15   Next: 33%
Magic:  0/22       EV: 10    Int:  5    God:    Okawaru [******]
Gold:   373        SH: 16    Dex: 11    Spells: 14/14 levels left

rFire   + . .        a - +3 broad axe (drain)
rCold   + . .        S - +2 kite shield
rNeg    + + .        z - +3 plate armour {rN+}
rPois   +            r - -2 hat of the Alchemist {rElec rPois rF+ rC+ rN+ Will+ rMut rCorr}
rElec   +            E - scarf {shadows}
rCorr   +            w - +0 pair of gloves {Str+3}
SInv    .            x - +0 pair of boots
Will    ++...        G - amulet of guardian spirit Stlth
                     u - +4 ring of protection
HPRegen 0.43/turn    F - +6 ring of strength
MPRegen 0.18/turn

%: resist mutation, guardian spirit
@: about to teleport, heroic, finesse-ful
A: horns 2, retaliatory headbutt
a: Renounce Religion, Heroism, Finesse, Duel


You were on level 14 of the Dungeon.
You worshipped Okawaru.
Okawaru was exalted by your worship.
You visited 3 branches of the dungeon, and saw 20 of its levels.
You also visited: Sewer and Volcano.

You collected 1814 gold pieces.
You spent 1441 gold pieces at shops.

Inventory:

Hand Weapons
 a - a +3 broad axe of draining (weapon)
   (Okawaru gifted it to you on level 1 of the Lair of Beasts)
 b - a +1 war axe of flaming
Armour
 r - the -2 hat of the Alchemist (worn) {rElec rPois rF+ rC+ rN+ Will+ rMut rCorr}
   (You acquired it on level 4 of the Dungeon)

   rF:        It protects you from fire.
   rC:        It protects you from cold.
   rElec:     It insulates you from electricity.
   rPois:     It protects you from poison.
   rN:        It protects you from negative energy.
   rCorr:     It protects you from acid and corrosion.
   rMut:      It protects you from mutation.
   Will:      It increases your willpower.
 w - a +0 pair of gloves of strength (worn)
   (You bought it in a shop on level 3 of the Dungeon)
 x - a +0 pair of boots (worn)
   (You found it on level 5 of the Dungeon)
 z - a +3 plate armour of positive energy (worn)
   (You bought it in a shop on level 3 of the Dungeon)
 E - a scarf of shadows (worn)
   (You found it on level 8 of the Dungeon)
 S - a +2 kite shield (worn)
   (You took it off a vault guard on level 13 of the Dungeon)
Jewellery
 i - a ring of protection from fire
   (You found it on level 4 of the Dungeon)
 o - a ring of protection from cold
   (You took it off an orc on level 5 of the Dungeon)
 u - a +4 ring of protection (left hand)
   (You found it on level 3 of the Dungeon)
 F - a +6 ring of strength (right hand)
   (You found it on level 8 of the Dungeon)
 G - an amulet of guardian spirit (around neck)
   (You found it on level 9 of the Dungeon)
 K - the ring of Sunlight {rF+ rC+ SInv}
   (You found it on level 5 of the Lair of Beasts)

   [ring of protection from fire]

   rF:        It protects you from fire.
   rC:        It protects you from cold.
   SInv:      It lets you see invisible.
Wands
 p - a wand of roots (21)
   (You found it on level 4 of the Dungeon)
 t - a wand of flame (13)
   (You found it on level 11 of the Dungeon)
 v - a wand of digging (1)
   (You took it off Sonja on level 2 of the Lair of Beasts)
 y - a wand of quicksilver (5)
   (You took it off an orc on level 5 of the Dungeon)
 M - a wand of mindburst (12)
   (You found it on level 3 of the Lair of Beasts)
Scrolls
 f - 4 scrolls of teleportation {@r4}
 k - 6 scrolls of identify {@r1}
 l - 5 scrolls of poison {!r}
 B - 2 scrolls of magic mapping
 C - 3 scrolls of immolation {!r}
 D - 3 scrolls of enchant armour
 J - 2 scrolls of brand weapon
 P - 2 scrolls of vulnerability {!r}
 Q - a scroll of fear
Potions
 d - 3 potions of might
 e - 2 potions of degeneration {!q}
 g - 5 potions of lignification {!q}
 h - 6 potions of haste {@q3}
 j - a potion of resistance
 m - 5 potions of attraction {!q}
 n - 6 potions of flight
 q - 2 potions of magic
 s - 16 potions of curing {@q1}
 A - a potion of berserk rage
 H - 3 potions of ambrosia
 I - 3 potions of invisibility
 L - a potion of mutation {!q}
 N - 2 potions of cancellation
 O - a potion of heal wounds {@q2}


   Skills:
 + Level 14.6(19.6) Fighting
 - Level 18.0(23.0) Axes
 + Level 14.6(19.6) Armour
 + Level 14.7(19.7) Shields
 + Level 11.2 Invocations


You had 14 spell levels left.
You didn't know any spells.
Your spell library contained the following spells:

 Spells                   Type           Power      Damage    Failure   Level
 Kiss of Death            Conj/Necr      0%         2d5       91%         1
 Blink                    Tloc           0%         N/A       97%         2
 Ensorcelled Hibernation  Hex/Ice        0%         N/A       97%         2
 Lesser Beckoning         Tloc           0%         N/A       97%         2
 Momentum Strike          Conj/Tloc      0%         3d8       97%         2
 Passwall                 Tmut/Erth      0%         N/A       97%         2
 Poisonous Vapours        Pois/Air       0%         N/A       97%         2
 Confusing Touch          Hex            0%         N/A       99%         3
 Inner Flame              Hex/Fire       0%         N/A       99%         3
 Mephitic Cloud           Conj/Pois/Air  0%         N/A       99%         3
 Portal Projectile        Hex/Tloc       0%         N/A       99%         3
 Stone Arrow              Conj/Erth      0%         3d7       99%         3
 Swiftness                Air            0%         N/A       99%         3
 Dispel Undead            Necr           0%         3d6       100%        4
 Flame Wave               Conj/Fire      0%         2d4       100%        4
 Iskenderun's Mystic Bla  Conj/Tloc      0%         2d3       100%        4
 Leda's Liquefaction      Hex/Erth       0%         N/A       100%        4
 Blade Hands              Tmut           0%         N/A       100%        5
 Freezing Cloud           Conj/Ice/Air   0%         6-21      100%        5
 Iskenderun's Battlesphe  Conj           0%         2d6       100%        5
 Lee's Rapid Deconstruct  Erth           0%         3d4*      100%        5
 Iron Shot                Conj/Erth      0%         9d1       100%        6
 Statue Form              Tmut/Erth      0%         N/A       100%        6
 Lehudib's Crystal Spear  Conj/Erth      0%         10d2      100%        8
 Fire Storm               Conj/Fire      0%         5d1       100%        9
 Tukima's Dance           Hex            Unusable   N/A       N/A         3
 Animate Armour           Summ/Erth      Unusable   N/A       N/A         4
 Summon Mana Viper        Hex/Summ       Unusable   N/A       N/A         5
 Spellforged Servitor     Conj/Summ      Unusable   N/A       N/A         7

Dungeon Overview and Level Annotations

Branches:
Dungeon (14/15)            Temple (1/1) D:5            Lair (5/5) D:9
  Swamp (0/4) Lair:3       Spider (0/4) Lair:2        Slime (0/5) Lair:5
    Orc (0/2) D:12         Vaults (0/5) D:13          Sewer (visited)
Volcano (visited)

Altars:
Ashenzari
Cheibriados
Dithmenos
Elyvilon
Fedhas
Gozag
Hepliaklqana
Kikubaaqudgha
Makhleb
Nemelex Xobeh
Okawaru
Qazlal
Ru
Sif Muna
Trog
Uskayaw
Vehumet
Wu Jian
Xom
Yredelemnul
Zin
The Shining One

Shops:
D:2 :   D:3 [=[*   D:6 =   D:13 *   D:14 =

Portals:
Trove: D:11 (give 12 potions of heal wounds)

Annotations:
Lair:2 exclusion: oklob plant


Innate Abilities, Weirdness & Mutations

You have a pair of horns on your head.
You reflexively headbutt those who attack you in melee.


Message History

You miss the killer bee. You miss the killer bee. You headbutt the killer bee!
You block the killer bee's attack.
You slash the killer bee!
You kill the killer bee!
Okawaru accepts your kill.
Found a yak corpse.
You block the meliai's attack. x2
The meliai calls down the wrath of its god upon you.
Something smites you!
* * * LOW HITPOINT WARNING * * *
You block the killer bee's attack. The killer bee closely misses you.
The meliai closely misses you. You furiously retaliate!
You headbutt the meliai!!
The meliai stings you but does no damage.
The killer bee closely misses you. You block the killer bee's attack.
There is an open door here.
You see here a queen bee corpse.
You barely miss the meliai.
You hit the killer bee but do no damage.
You hit the killer bee.
The killer bee seems less drained.
You block the meliai's attack. The meliai stings you.
* * * LOW HITPOINT WARNING * * *
The killer bee completely misses you. You furiously retaliate!
You headbutt the killer bee. You block the killer bee's attack.
As you read the scroll of teleportation {@r4}, it crumbles to dust.
You feel strangely unstable.
The meliai mumbles some strange prayers to its god against you.
Something smites you!
* * * LOW HITPOINT WARNING * * *
The meliai invokes the aid of its god against you.
Something smites you!
* * * LOW HITPOINT WARNING * * *
You block the killer bee's attack. x2
The killer bee stings you but does no damage.
The meliai hits you but does no damage. The meliai stings you.
* * * LOW HITPOINT WARNING * * *
You are lethally poisoned!
The meliai poisons you!
The killer bee stings you but does no damage.
You feel better.
The meliai calls down the wrath of its god upon you.
Something smites you!
* * * LOW HITPOINT WARNING * * *
You block the killer bee's attack. The killer bee closely misses you.
The meliai hits you but does no damage. You block the meliai's attack.
The killer bee stings you but does no damage.
You block the killer bee's attack.
The meliai mumbles some strange prayers to its god against you.
Something smites you!
You die...

#.......#######
####'## #.......#
#.## ###+##### #..#
##.# # #####.## #.
#......# ####'#
#......#
.†.!yy########......#
..!.yy@)†...##......#
...!yy#####.........#
..†.yy ####......#
†)!†.. #......#
###### #......#
#.[....# ########


You could see 2 meliai and 6 killer bees.

Vanquished Creatures
  Jorgrun (D:13)
  A dire elephant (Lair:5)
  A deep elf high priest (D:13)
  5 hydras
  8 vault guards (D:13)
  A catoblepas (Lair:5)
  A dancing weapon (Volcano)
  4 two-headed ogres
  3 centaur warriors
  A deep troll shaman (Lair:5)
  A deep troll earth mage (D:13)
  2 boulder beetles (D:12)
  19 death yaks
  A tengu warrior (D:14)
  Sonja (Lair:2)
  Nergalle (D:11)
  Urug (Lair:3)
  5 skeletal warriors (D:12)
  5 wizards (Volcano)
  2 deep elf pyromancers (D:13)
  3 ugly things
  A necromancer (Lair:5)
  A salamander (shapeshifter) (D:13)
  A wolf spider (D:13)
  5 cyclopes
  3 manticores
  8 elephants
  3 black mambas
  5 toenail golems (Volcano)
  4 cane toads
  2 gargoyles
  2 rime drakes
  A torpor snail (Lair:5)
  14 komodo dragons
  An unseen horror (D:13)
  A yaktaur (shapeshifter) (D:14)
  A queen bee (shapeshifter) (D:13)
  2 queen bees
  8 polar bears
  4 trolls
  15 blink frogs
  5 meliai
  2 tyrant leeches (Lair:3)
  A tarantella (Lair:2)
  6 slime creatures
  A spriggan (D:13)
  2 centaur simulacra
  4 shadows
  A spriggan (shapeshifter) (D:13)
  3 wraiths
  2 wyverns
  41 yaks
  14 vampire mosquitoes
  5 basilisks
  A swamp worm (Lair:3)
  2 acid dragons (D:13)
  16 water moccasins
  7 ice beasts
  A black bear (shapeshifter) (D:14)
  3 orc warriors
  2 sky beasts
  7 black bears
  3 ogres
  17 wolves
  5 centaurs
  15 bullfrogs
  4 kobold brigands
  2 gnoll sergeants
  3 scorpions
  44 killer bees
  7 howler monkeys
  7 jellies
  2 hounds
  8 orc priests
  A gnoll bouda (Lair:1)
  3 iguanas
  A sleepcap (D:4)
  11 orc wizards
  3 polar bear simulacra (Lair:5)
  A yak simulacrum (Lair:5)
  2 wolf simulacra (Lair:5)
  A mummy (D:7)
  4 gnolls (D:4)
  6 adders
  3 river rats
  A shadow imp (D:7)
  2 white imps (D:7)
  4 worms
  5 dart slugs
  28 orcs
  6 ball pythons
  3 endoplasms
  3 giant cockroaches
  10 hobgoblins
  6 jackals
  3 quokkas
  7 bats
  2 frilled lizards
  3 goblins (D:1)
  A hobgoblin zombie (D:7)
  18 kobolds
  A kobold zombie (D:7)
  2 orc zombies (D:7)
  8 rats
  5 river rat simulacra (Lair:5)
  A bush (Lair:4)
547 creatures vanquished.

Vanquished Creatures (others)
  3 orcs (D:5)
  22 fungi
  26 plants
51 creatures vanquished.

Grand Total: 598 creatures vanquished

Notes
Turn   | Place    | Note
-------+----------+-------------------------------------------
     0 | D:1      | DavidChitty2 the Minotaur Fighter began the quest for the
                  | Orb.
     0 | D:1      | Reached XP level 1. HP: 19/19 MP: 0/0
   118 | D:1      | Reached XP level 2. HP: 27/27 MP: 1/1
   173 | D:1      | Got the Compilation of Entrancing Incineration
   241 | D:1      | Reached skill level 3 in Axes
   241 | D:1      | Found a faded altar of an unknown god.
   272 | D:1      | Found a shimmering blue altar of Sif Muna.
   430 | D:1      | Reached XP level 3. HP: 25/33 MP: 2/2
   675 | D:2      | Found Vacliq's Book Shoppe.
   811 | D:2      | Identified the +2 helmet "Geffarote" {Slay+3}
  1378 | D:2      | Reached XP level 4. HP: 40/40 MP: 3/3
  1577 | D:3      | Found Inuwnuc's Assorted Antiques.
  1588 | D:3      | Found Wopias's Armour Shop.
  1598 | D:3      | Reached skill level 4 in Axes
  1809 | D:3      | Reached XP level 5. HP: 39/47 MP: 4/4
  1863 | D:3      | Found Ufotsud's Jewellery Emporium.
  1990 | D:3      | Found Tegiupp's Antique Armour Shoppe.
  2219 | D:4      | Identified a scroll of acquirement
  2219 | D:4      | Acquired the -2 hat of the Alchemist {rElec rPois rF+ rC+
                  | rN+ Will+ rMut rCorr}
  2219 | D:4      | Found the -2 hat of the Alchemist {rElec rPois rF+ rC+ rN+
                  | Will+ rMut rCorr}
  2287 | D:4      | Reached skill level 5 in Axes
  2292 | D:4      | Found a glowing drain.
  2301 | Sewer    | Entered a sewer
  2375 | Sewer    | Reached XP level 6. HP: 53/55 MP: 5/5
  2385 | Sewer    | Reached skill level 5 in Armour
  2385 | Sewer    | Reached skill level 5 in Shields
  2446 | Sewer    | Found a white marble altar of Elyvilon.
  2522 | D:4      | Reached skill level 5 in Fighting
  2626 | D:3      | Bought a pair of polished boots for 199 gold pieces
  2626 | D:3      | Identified the +0 pair of boots "Nommut" {Harm Drain Fly
                  | Will+} (You bought it in a shop on level 3 of the Dungeon)
  2942 | D:4      | Reached skill level 6 in Axes
  2945 | D:4      | Reached XP level 7. HP: 42/61 MP: 6/6
  3030 | D:4      | Found a sacrificial altar of Ru.
  3385 | D:5      | Entered Level 5 of the Dungeon
  3385 | D:5      | Found a stormy altar of Qazlal.
  3849 | D:5      | Reached skill level 7 in Axes
  3851 | D:5      | Reached XP level 8. HP: 47/70 MP: 7/7
  3935 | D:5      | Found a staircase to the Ecumenical Temple.
  3963 | Temple   | Entered the Ecumenical Temple
  4077 | Temple   | Became a worshipper of Warmaster Okawaru
  4678 | D:3      | Bought a pair of runed gloves for 135 gold pieces
  4903 | D:6      | Reached skill level 1 in Invocations
  5184 | D:6      | Found Qyrgheroi's Jewellery Shop.
  5290 | D:7      | Reached skill level 8 in Axes
  5304 | D:7      | Reached * piety under Okawaru
  6408 | D:3      | Bought a pair of runed gloves for 135 gold pieces
  6555 | D:8      | Reached ** piety under Okawaru
  6556 | D:8      | Reached skill level 9 in Axes
  6556 | D:8      | Reached XP level 9. HP: 70/79 MP: 9/9
  6560 | D:8      | Noticed a manticore
  6563 | D:8      | Noticed a four-headed hydra
  6728 | D:8      | Noticed a centaur warrior
  6907 | D:8      | Noticed a purple ugly thing
  6913 | D:7      | Killed a one-headed hydra
  6986 | D:7      | Reached skill level 10 in Axes
  7330 | D:7      | Killed a manticore
  7330 | D:7      | Reached *** piety under Okawaru
  7527 | D:7      | Killed a purple ugly thing
  7528 | D:7      | Reached XP level 10. HP: 56/88 MP: 12/12
  7735 | D:8      | Killed a centaur warrior
  7735 | D:8      | Reached **** piety under Okawaru
  7736 | D:8      | Reached skill level 11 in Axes
  8080 | D:8      | Found a shimmering altar of Xom.
  8270 | D:8      | Got the Vellum of Smouldering Superposition
  8430 | D:8      | Reached ***** piety under Okawaru
  8431 | D:8      | Reached skill level 5 in Invocations
  8660 | D:8      | Found an ancient bone altar of Kikubaaqudgha.
  8668 | D:8      | Found a faded altar of an unknown god.
  8670 | D:8      | Found a shimmering blue altar of Sif Muna.
  8672 | D:8      | Found a faded altar of an unknown god.
  8675 | D:8      | Found a burning altar of Makhleb.
  8975 | D:9      | Found a staircase to the Lair.
  8989 | D:9      | Reached skill level 12 in Axes
  9196 | D:9      | Identified the +0 hat of the Dropbear {Str+5 Int-4 Dex+4}
                  | (Okawaru gifted it to you on level 9 of the Dungeon)
  9196 | D:9      | Received a gift from Okawaru
  9423 | D:9      | Reached XP level 11. HP: 92/97 MP: 11/14
  9690 | D:10     | Entered Level 10 of the Dungeon
 10655 | D:11     | Found a portal to a secret trove of treasure.
 10668 | D:11     | Reached skill level 13 in Axes
 10738 | D:11     | Noticed Nergalle
 10750 | D:11     | Killed Nergalle
 10805 | D:11     | Reached skill level 10 in Armour
 10805 | D:11     | Reached skill level 10 in Shields
 10998 | D:11     | Noticed a two-headed ogre
 11004 | D:11     | Killed a two-headed ogre
 11005 | D:11     | Reached skill level 10 in Fighting
 11231 | Lair:1   | Entered Level 1 of the Lair of Beasts
 12027 | Lair:1   | Reached skill level 14 in Axes
 12029 | Lair:1   | Received a gift from Okawaru
 12030 | Lair:1   | Reached XP level 12. HP: 105/107 MP: 16/16
 12524 | Lair:2   | Found a hole to the Spider Nest.
 12586 | Lair:2   | Noticed a death yak
 12586 | Lair:2   | Noticed a death yak
 12600 | Lair:2   | Killed a death yak
 12601 | Lair:2   | Noticed a death yak
 12602 | Lair:2   | Noticed a death yak
 12606 | Lair:2   | Noticed a death yak
 12610 | Lair:2   | Killed a death yak
 12612 | Lair:2   | Killed a death yak
 12618 | Lair:2   | Killed a death yak
 12621 | Lair:2   | Killed a death yak
 12856 | Lair:2   | Reached skill level 15 in Axes
 13094 | Lair:2   | Received a gift from Okawaru
 13166 | Lair:2   | Noticed Sonja
 13740 | Lair:2   | Killed Sonja
 14426 | D:3      | Bought a faintly humming plate armour for 504 gold pieces
 14426 | D:3      | Identified the +1 plate armour "Zoakk" {Will+ rCorr} (You
                  | bought it in a shop on level 3 of the Dungeon)
 14681 | Lair:3   | Noticed Urug
 14691 | Lair:3   | Killed Urug
 14816 | Lair:3   | Found a staircase to the Swamp.
 15979 | Lair:4   | Reached XP level 13. HP: 113/116 MP: 16/18
 16005 | Lair:4   | Found a dark tunnel.
 16016 | Volcano  | Entered a volcano
 16244 | Volcano  | Reached skill level 16 in Axes
 16465 | Lair:4   | Received a gift from Okawaru
 17643 | Lair:5   | Entered Level 5 of the Lair of Beasts
 17726 | Lair:5   | Reached ****** piety under Okawaru
 18041 | Lair:5   | Found a staircase to the Slime Pits.
 18131 | Lair:5   | Reached skill level 17 in Axes
 18320 | Lair:5   | Reached XP level 14. HP: 115/127 MP: 17/20
 18725 | Lair:5   | Received a gift from Okawaru
 19253 | Lair:5   | Identified the ring of Sunlight {rF+ rC+ SInv}
 19260 | Lair:5   | Identified the staff of fire "Vaikhlue" {Contam rF+ rC-
                  | rCorr Dex+4}
 19781 | D:3      | Bought a glowing plate armour for 468 gold pieces
 20208 | D:12     | Found a staircase to the Orcish Mines.
 20317 | D:12     | Reached skill level 18 in Axes
 20320 | D:12     | Received a gift from Okawaru
 20327 | D:12     | Reached skill level 10 in Invocations
 21266 | D:13     | Identified the +5 ring mail of Fashionability {rF- Dex+5}
 21559 | D:13     | Identified the +4 scale mail of Exclusion {Str+2} (Okawaru
                  | gifted it to you on level 13 of the Dungeon)
 21559 | D:13     | Received a gift from Okawaru
 21610 | D:13     | Noticed Jorgrun
 21632 | D:13     | Killed Jorgrun
 21872 | D:13     | Reached XP level 15. HP: 119/138 MP: 19/22
 22187 | D:13     | Found a gate to the Vaults.
 23102 | D:13     | Found Vakkut's Changing Room.
 23318 | D:14     | Found Gohefas's Jewellery Shoppe.
 23723 | D:14     | HP: 5/139 [meliai/+0 hand axe (4)]
 23724 | D:14     | HP: 2/139 [meliai/divine providence (12)]
 23724 | D:14     | Killed from afar by a meliai

Illustrated notes

Levels and vault maps discovered:
D:1:      lemuel_arrival_lava_pool, layout_loops_ring,
          hellmonk_ecumenical_altar_prayer_group, minmay_hexomino_r4
D:2:      minmay_razor_zed, layout_basic, serial_shops, shop
D:3:      layout_loops_ring, serial_shops, shop, nicolae_shop_stone, shop, shop,
          grunt_ministairs_3
D:4:      layout_loops_ring, old_standard_altar, lightli_sewer_entry_pipes,
          st_stairs_5
D:5:      layout_basic, nicolae_qazlal_beasts_of_the_sky,
          minmay_temple_entry_arrows
D:6:      layout_basic, minmay_shop_enchanted_jewellery, glass_columns_a
D:7:      layout_layer_cave, minmay_mini_ossuary
D:8:      minmay_the_grid_octo_2x2 [minmay_the_grid_octo_fat_diamond,
          minmay_the_grid_octo_tetromino_candy, minmay_the_grid_octo_concentric,
          minmay_the_grid_octo_prize_star], layout_cave_pools,
          chequers_temple_overflow_minitemple, lemuel_doored_altar,
          minivault_11, corner_web_ring, hangedman_abyss_or_decor_clamps
D:9:      layout_irregular_city, hellmonk_lair_entry_icy
D:10:     layout_cave_pools, nicolae_elevator_lobby_plus
D:11:     layout_basic, enter_trove_1, uniq_nergalle
D:12:     layout_rooms, orc_0_dummy, minmay_radiant
D:13:     regret_index_wax_grids, layout_basic, erik_vaults_2,
          nicolae_transmutations_shop, fungi_pond_lemuel, the_hattery,
          uniq_jorgrun
D:14:     layout_roguey [special_room_bee], serial_shops, shop,
          serial_park_gazebo [serial_park_minivault_5x5_8], hangedman_ranch,
          uniq_rupert
Temple:   kb_temple_of_zot
Lair:1:   beast_lair_carwin_large_3, layout_regular_city,
          dreamdust_gnoll_shepherd
Lair:2:   layout_cave_pods, spider_nest_entry_rubble,
          dreamdust_deal_with_the_devil, beast_lair_carwin_10, uniq_sonja
Lair:3:   layout_layer_cave, minmay_swamp_entry_worms, grunt_megastairs_5,
          uniq_urug
Lair:4:   layout_regular_city, enter_volcano_1, lemuel_old_faithful
Lair:5:   grunt_lair_end_beastmaster, layout_cave_pods,
          nicolae_slime_entry_field_trip, columned_hall_lemuel,
          eino_house_with_fridge, infiniplex_staircase_pool_2

Skill      XL: |  1  2  3  4  5  6  7  8  9 10 11 12 13 14 15 |
---------------+----------------------------------------------+-----
Axes           | 3 4 5 6 7 9 10 12 14 15 17 18 | 18.0
Armour         | 4 5 6 7 8 9 10 11 12 14 | 14.6
Shields        | 4 5 6 7 8 9 10 11 12 14 | 14.7
Fighting       | 4 5 6 7 8 9 10 11 12 14 | 14.6
Invocations    | 2 4 5 7 8 9 10 11 | 11.2

Action                     |  1- 3 |  4- 6 |  7- 9 | 10-12 | 13-15 || total
---------------------------+-------+-------+-------+-------+-------++-------
  Melee: War axe           |    91 |   102 |   174 |   292 |     5 ||   664
         Headbutt          |     8 |    11 |    35 |    86 |   181 ||   321
         Broad axe         |       |       |       |   147 |   733 ||   880
 Invoke: Heroism           |       |       |       |     4 |     2 ||     6
         Finesse           |       |       |       |     4 |     2 ||     6
  Evoke: Wand              |       |       |       |     5 |     1 ||     6
    Use: Scroll            |       |    17 |     5 |     5 |    10 ||    37
         Potion            |       |       |     3 |       |     2 ||     5
   Stab: Petrified         |       |       |       |       |     1 ||     1
 Armour: Scale mail        |    45 |     6 |       |       |       ||    51
         Chain mail        |       |    55 |   113 |   247 |       ||   415
         Plate armour      |       |       |       |    14 |   361 ||   375
  Dodge: Dodged            |    42 |    43 |    80 |   166 |   188 ||   519
  Block: Buckler           |    21 |    30 |    45 |   125 |   173 ||   394
         Kite shield       |       |       |       |       |    89 ||    89

Table legend: (Time is in decaauts)
 A = Elapsed time spent in this place.
 B = Non-inter-level travel time spent in this place.
 C = Inter-level travel time spent in this place.
 D = Time resting spent in this place.
 E = Time spent auto-exploring this place.
 F = Levels seen in this place.
 G = Mean time per level.
                   A        B        C        D        E       F      G
               +--------+--------+--------+--------+--------+-----+--------+
         Total |  23701 |  21303 |   2398 |   2465 |  15227 |  22 | 1077.3 |
       Dungeon |  15544 |  13608 |   1936 |   2166 |   8917 |  14 | 1110.3 |
        Temple |    120 |    104 |     16 |      0 |     92 |   1 |  120.0 |
          Lair |   7395 |   6950 |    445 |    299 |   5755 |   5 | 1479.0 |
         Sewer |    234 |    234 |      0 |      0 |    152 |   1 |  234.0 |
       Volcano |    405 |    405 |      0 |      0 |    309 |   1 |  405.0 |
               +--------+--------+--------+--------+--------+-----+--------+

Top non-repeatable levels by time:
     D:7: 2265 daAuts
    D:13: 1809 daAuts
  Lair:2: 1711 daAuts
  Lair:5: 1682 daAuts
    D:12: 1452 daAuts
  Lair:3: 1431 daAuts
  Lair:1: 1306 daAuts
  Lair:4: 1264 daAuts
     D:5: 1229 daAuts
     D:4: 1091 daAuts
     D:9: 1066 daAuts
     D:6: 1026 daAuts
     D:3: 993 daAuts
     D:8: 904 daAuts
     D:2: 902 daAuts
